 Dungeon Crawl Stone Soup version 0.24.0-10-g970556be89 (webtiles) character file.

Game seed: 15055503253771528150, levelgen mode: deterministic

882 Delamore the Cleaver (level 8, 0/71 HPs)
             Began as a Hill Orc Monk on Nov 3, 2019.
             Was a Believer of Beogh.
             Slain by an ogre
             ... wielding a +0 giant club
              (9 damage)
             ... on level 5 of the Dungeon.
             The game lasted 00:10:44 (4655 turns).

Delamore the Cleaver (Hill Orc Monk)                Turns: 4655, Time: 00:10:44

Health: 0/71       AC:  7    Str: 16    XL:     8   Next: 5%
Magic:  8/8        EV: 11    Int: 10    God:    Beogh [**....]
Gold:   162        SH:  0    Dex: 13    Spells: 7/7 levels left

rFire    + . .     SeeInvis .   a - +0 hand axe
rCold    + . .     Gourm    .   (no shield)
rNeg     . . .     Faith    .   n - +0 ring mail
rPois    .         Spirit   .   (no helmet)
rElec    .         Reflect  .   v - scarf {rC+ rF+}
rCorr    .         Harm     .   j - +0 pair of gloves
MR       +....                  (no boots)
Stlth    +.........             (no amulet)
HPRegen  0.21/turn              x - ring of protection from magic
MPRegen  0.11/turn              (no ring)

@: lethally poisoned (0 -> 0)
A: no striking features
a: Smiting, Renounce Religion


You were on level 5 of the Dungeon.
You worshipped Beogh.
Beogh was pleased with you.
You were not hungry.

You visited 1 branch of the dungeon, and saw 5 of its levels.

You collected 162 gold pieces.

Inventory:

Hand Weapons
 a - a +0 hand axe (weapon)
Armour
 j - a +0 pair of gloves (worn)
 n - a +0 ring mail (worn)
 u - a +0 cloak
 v - a scarf of resistance (worn)
Jewellery
 i - an uncursed ring of protection from fire
 x - a ring of protection from magic (left hand)
Scrolls
 b - 2 scrolls of teleportation
 d - 2 scrolls of blinking {unknown}
 e - a scroll of enchant weapon {unknown}
 f - a scroll of immolation {unknown}
 g - 2 scrolls of amnesia {unknown}
 h - 4 scrolls of remove curse {unknown}
 l - a scroll of noise {unknown}
 p - a scroll of identify {unknown}
 r - 2 scrolls of enchant armour {unknown}
 t - a scroll of fog {unknown}
Potions
 m - a potion of agility {unknown}
 o - a potion of resistance {unknown}
 q - a potion of curing {unknown}
 s - a potion of degeneration {unknown}
 z - a potion of brilliance {unknown}
 A - a potion of heal wounds {unknown}
Comestibles
 c - 9 rations


   Skills:
 + Level 6.5 Fighting
 + Level 9.4 Axes
 + Level 3.9 Armour
 - Level 2.4 Dodging
 - Level 1.5 Stealth


You had 7 spell levels left.
You didn't know any spells.
Your spell library contained the following spells:

 Spells                   Type           Power        Failure   Level  Hunger
 Corona                   Hex            #......      56%         1    ##.....
 Ensorcelled Hibernation  Hex/Ice        #.....       71%         2    ###....
 Confuse                  Hex            #.......     90%         3    ####...
 Dazzling Spray           Conj/Hex       #.....       90%         3    ####...
 Tukima's Dance           Hex            #.......     90%         3    ####...


Dungeon Overview and Level Annotations

Branches:
Dungeon (5/15)             Temple (0/1) D:4

Altars:
Dithmenos
Fedhas
Nemelex Xobeh
Sif Muna
Xom


Message History

You feel sick. The howler monkey barely misses you.
You barely miss the howler monkey.
The howler monkey is severely wounded.
You hit the ogre. The ogre barely misses you.
The howler monkey closely misses you.
You closely miss the howler monkey.
The howler monkey is severely wounded.
You hit the ogre. The howler monkey closely misses you.
The ogre hits you with a +0 giant club!!
* * * LOW HITPOINT WARNING * * *
You completely miss the howler monkey.
The howler monkey is severely wounded.
You hit the ogre.
The howler monkey hoots and howls with incredible vigour!
You hear an angry hiss. x2
You closely miss the howler monkey.
The howler monkey is severely wounded.
Your ring mail prevents you from hitting the ogre.
You feel sick. The ogre hits you with a +0 giant club!
You die...

### ... ..# #.# #.# #.#
#.# #.# # # #.# #.# #.#
..# #.####.#########
..####.#.....hah@O..#
..............a####.#
###.##)#.##....#
#..[.#.#####.####.#>#
###.####.#####h...Z...#
..(.# #......^...ha###
#.### #######.####...#
...#### #.# ... ......#
#.# .


You could see an ogre, a howler monkey, a hound and 2 worker ants.

Vanquished Creatures
  Menkaure (D:5)
  Duvessa (D:5)
  An ice beast (D:2)
  A phantom (D:4)
  A sky beast (D:5)
  Dowan (D:5)
  A hound (D:4)
  2 orc wizards
  3 worker ants
  Terence (D:3)
  A hound zombie (D:5)
  4 gnolls (D:4)
  An ooze (D:1)
  An adder skeleton (D:4)
  An adder zombie (D:5)
  A worm (D:2)
  3 dart slugs
  4 leopard geckos
  10 orcs
  6 giant cockroaches
  8 hobgoblins
  4 quokkas
  A ball python (D:2)
  7 bats
  6 frilled lizards
  10 goblins
  6 kobolds
  9 rats
96 creatures vanquished.

Vanquished Creatures (others)
  An orc (D:4)
1 creature vanquished.

Grand Total: 97 creatures vanquished

Notes
Turn   | Place    | Note
-------+----------+-------------------------------------------
     0 | D:1      | Delamore the Hill Orc Monk began the quest for the Orb.
     0 | D:1      | Reached XP level 1. HP: 19/19 MP: 1/1
    64 | D:1      | Reached XP level 2. HP: 20/27 MP: 2/2
   389 | D:1      | Reached XP level 3. HP: 31/33 MP: 3/3
   630 | D:1      | Reached skill level 5 in Axes
   850 | D:2      | Noticed an ice beast
  1473 | D:2      | Reached XP level 4. HP: 20/41 MP: 4/4
  1741 | D:2      | Killed an ice beast
  1741 | D:2      | Reached skill level 5 in Fighting
  1741 | D:2      | Reached skill level 6 in Axes
  1741 | D:2      | Reached XP level 5. HP: 18/48 MP: 5/5
  2177 | D:2      | Found a shimmering blue altar of Sif Muna.
  2457 | D:3      | Reached skill level 1 in Armour
  2621 | D:3      | Found a shimmering altar of Xom.
  2624 | D:3      | Found a sparkling altar of Nemelex Xobeh.
  2627 | D:3      | Found a shadowy altar of Dithmenos.
  2632 | D:3      | Found a blossoming altar of Fedhas.
  2793 | D:3      | Noticed Terence
  2813 | D:3      | Killed Terence
  3017 | D:4      | Noticed a phantom
  3048 | D:4      | Killed a phantom
  3048 | D:4      | Reached skill level 7 in Axes
  3048 | D:4      | Reached XP level 6. HP: 34/56 MP: 6/6
  3530 | D:4      | Became a worshipper of Beogh the Brigand
  3530 | D:4      | Reached * piety under Beogh
  3530 | D:4      | Reached ** piety under Beogh
  3558 | D:4      | Found a staircase to the Ecumenical Temple.
  3754 | D:4      | Reached skill level 8 in Axes
  3754 | D:4      | Reached XP level 7. HP: 26/62 MP: 7/7
  3932 | D:5      | Entered Level 5 of the Dungeon
  3974 | D:5      | Noticed Duvessa
  3976 | D:5      | Noticed Dowan
  4023 | D:5      | Killed Duvessa
  4092 | D:5      | Killed Dowan
  4360 | D:5      | Noticed Menkaure
  4374 | D:5      | Reached skill level 9 in Axes
  4379 | D:5      | Killed Menkaure
  4379 | D:5      | Reached XP level 8. HP: 24/71 MP: 8/8
  4655 | D:5      | Slain by an ogre

Levels and vault maps discovered:
D:1:      wander_arrival_estate, layout_basic, fountainhead
D:2:      layout_loops_ring, lemuel_blue_sif_altar, minmay_misc_feat_nine_boxes,
          serial_bayou_lake_a
D:3:      layout_basic, grunt_temple_overflow_cloverleaf, uniq_terence
D:4:      layout_loops_ring, minmay_temple_entry_butterflies, first_ration
D:5:      layout_loops_ring, uniq_duvessa, uniq_menkaure

Skill      XL: |  1  2  3  4  5  6  7 |
---------------+----------------------+-----
Fighting       | 4 5 6 |  6.5
Axes           | 5 6 7 8 9 |  9.4
Armour         | 2 3 |  3.9
Dodging        | |  2.4
Stealth        | |  1.5

Action                   |  1- 3 |  4- 6 |  7- 9 || total
-------------------------+-------+-------+-------++-------
Melee: Hand axe          |   190 |   248 |   149 ||   587
Invok: Convert to Beogh  |       |     1 |       ||     1
  Use: Scroll            |     1 |       |       ||     1
       Potion            |       |       |     1 ||     1
 Stab: Sleeping          |     1 |     2 |       ||     3
  Eat: Chunk             |     2 |     7 |     1 ||    10
       Ration            |       |       |     1 ||     1
Armor: Robe              |    37 |       |       ||    37
       Ring mail         |       |    68 |    39 ||   107
       Skin              |       |       |    28 ||    28
Dodge: Dodged            |   157 |   132 |    58 ||   347
